Map: Acid Plant LE

Players

ZiM

  • Race: Protoss Protoss
  • Spawn Location: 5:00

ghostdog - Winner!

  • Race: Protoss Protoss
  • League: Platinum
  • Spawn Location: 11:00

VOD

Have the link to the VOD?

Description

Time

  • Played on: June 27, 2018, 6:11 p.m.
  • Length: 15:08
Show
View Real Time Build Order
Export as new Build Order

ZiM Protoss 

Build Orders:  

Get SALT Encoding   

  1  0:00  Probe  
  12  0:06  Probe  
  14  0:20  Pylon  
  14  0:23  Probe  
  15  0:38  Probe  
  15  0:40  Gateway  
  16  0:45  Assimilator  
  16  0:52  Probe  
  17  1:00  Probe  
  18  1:09  Probe  
  18  1:12  Gateway  
  19  1:33  Cybernetics Core, Probe  
  20  1:52  Probe  
  20  1:53  Gateway  
  21  1:55  Assimilator  
  21  2:04  Probe  
  21  2:06  Pylon  
  22  2:16  Stalker  
  22  2:17  Probe  
  23  2:27  Stalker, Pylon  
  27  2:41  Probe  
  28  2:45  Stalker  
  28  2:51  Stalker  
  32  2:53  Probe  
  32  2:57  Pylon  
  33  3:01  Stalker  
  35  3:06  Stalker  
  35  3:08  Probe  
  38  3:29  Stalker  
  38  3:32  Stalker  
  42  3:39  Warp Gate  
  41  3:42  Stalker  
  43  4:06  Stalker  
  45  4:14  Probe  
  46  4:26  Probe  
  45  4:35  Stalker  
  47  4:51  Pylon  
  47  5:09  Stalker x2, Probe  
  50  5:21  Probe  
  50  5:23  Stalker  
  49  5:39  Stalker x2  
  49  5:53  Stalker  
  49  6:09  Stalker x2  
  49  6:11  Probe  
  54  6:23  Nexus  
  54  6:30  Probe  
  54  6:34  Pylon  
  54  6:36  Pylon  
  55  6:51  Probe, Assimilator  
  55  6:52  Stalker x2  
  55  6:53  Stalker  
  62  6:56  Assimilator  
  56  7:04  Probe  
  57  7:16  Probe  
  57  7:17  Gateway x2  
  57  7:22  Stalker  
  60  7:23  Robotics Facility  
  60  7:39  Probe  
  60  7:42  Probe  
  62  7:47  Robotics Facility  
  62  7:51  Probe  
  63  7:55  Probe  
  63  8:06  Shield Battery x2  
  63  8:07  Probe  
  64  8:18  Probe  
  64  8:19  Probe  
  66  8:25  Immortal  
  70  8:30  Probe  
  70  8:31  Probe  
  64  8:37  Stalker x2  
  62  8:43  Probe  
  62  8:45  Stalker  
  59  8:52  Stalker  
  59  8:55  Probe  
  46  9:03  Stalker  
  46  9:06  Probe  
  43  9:10  Immortal  
  43  9:14  Probe  
  44  9:21  Immortal  
  53  9:37  Stalker  
  55  9:39  Probe  
  55  9:45  Stalker  
  46  9:55  Zealot  
  46  9:56  Zealot  
  46  9:58  Probe  
  47  10:03  Zealot  
  47  10:11  Zealot x2  
  51  10:17  Pylon x2  
  51  10:24  Stalker  
  46  10:30  Stalker  
  46  10:35  Stalker  
  44  10:38  Stalker  
  37  10:54  Stalker  
Show
View Real Time Build Order
Export as new Build Order

ghostdog Protoss - Winner!

Build Orders: Oracle Opening 

Get SALT Encoding   

  12  0:01  Probe  
  13  0:13  Probe  
  14  0:18  Pylon  
  14  0:25  Probe  
  15  0:37  Probe  
  15  0:39  Gateway  
  16  0:46  Probe  
  17  0:54  Probe  
  17  0:57  Assimilator  
  17  1:02  Assimilator  
  17  1:04  Probe  
  19  1:12  Probe  
  20  1:32  Cybernetics Core  
  20  1:34  Probe  
  21  1:49  Pylon  
  21  1:59  Nexus  
  21  2:03  Probe  
  22  2:18  Stargate  
  22  2:23  Probe  
  22  2:26  Warp Gate  
  23  2:35  Probe  
  24  2:45  Gateway  
  24  2:47  Probe  
  25  2:53  Sentry, Oracle  
  27  3:05  Pylon  
  30  3:13  Probe  
  30  3:18  Probe  
  32  3:27  Stalker  
  33  3:37  Probe  
  33  3:38  Probe  
  33  3:40  Oracle  
  38  4:03  Robotics Facility  
  28  4:41  Immortal  
  28  4:47  Stalker  
  22  5:30  Immortal  
  25  5:43  Zealot x2  
  29  6:05  Probe  
  30  6:17  Probe  
  31  6:34  Pylon  
  31  6:46  Immortal  
  31  6:53  Probe  
  36  7:05  Probe  
  37  7:15  Stalker  
  39  7:24  Pylon  
  39  7:32  Immortal  
  39  7:42  Probe  
  44  8:03  Probe  
  45  8:15  Probe  
  46  8:27  Probe  
  33  9:11  Immortal  
  33  9:16  Zealot x2  
  41  9:26  Void Ray  
  33  11:01  Nexus  
  33  11:18  Zealot x2  
  33  11:24  Void Ray  
  33  11:30  Pylon  
  33  11:33  Pylon  
  33  11:48  Immortal  
  33  11:58  Gateway  
  33  11:59  Gateway  
  33  12:04  Probe, Gateway  
  33  12:06  Void Ray  
  33  12:16  Probe  
  33  12:28  Probe  
  33  12:35  Immortal  
  33  13:06  Stalker x3  
  33  13:07  Stalker x2  
  33  13:27  Void Ray  
  33  13:29  Immortal  
  33  13:36  Assimilator  
  33  13:40  Assimilator  
  33  14:16  Immortal  
  33  14:26  Pylon  
  33  14:32  Pylon  
  33  14:44  Probe x2  
Tags
 
League
Platinum
Matchup
PvP
Spawn Locations
Cross Positions
Add a new tag
Caveats
  • Supply blocks, unpowered buildings, or Contaminate may cause inaccurate times.
  • Supply counts are checked every 10 seconds.